AoeStats
← Phill chung long

Arabia

510652593Analyzed
1v1 RM · 15h ago on Oct 2, 2026· 21m 8s· 2 players
Game mode
Random Map
Map size
Tiny (2 player)
Population
200
Speed
Normal
Resources
Standard
Victory
Conquest
Starting age
Dark Age
Ending age
Imperial Age
RankedLock teamsTeams togetherTeam positionsShared explorationLock speedFull tech treeHidden civsTurbo modeCheats
Victory
Defeat
🇧🇷 Bulgarians · Brazil
736
+16
🇵🇪 Khmer · Peru
736
-30
Armstrong
2:34 Loom
11:02 Feudal Age
13:14 Forging
14:18 Arson
15:15 Scale Mail Armor
22:09 Castle Age
Phill chung long
9:57 Feudal Age
15:42 Castle Age
14:30 Stone Mining
Connection lost

Rejoining the realm…

Still unreachable

The connection could not be restored.

Session expired

The server has moved on; the page needs a fresh start.